 Seeded DCSS version 0.30.1-4-g462c640d31 (webtiles) character file.

Game seed: 16653573533833982129 (custom seed)

16 Psyclone the Stinger (level 2, 11/17 HPs)
             Began as an Octopode Venom Mage on Sept 18, 2023.
             Quit the game on level 1 of the Dungeon.
             The game lasted 00:02:02 (361 turns).

Psyclone the Stinger (Octopode Venom Mage)           Turns: 361, Time: 00:02:03

Health: 11/17      AC:  1    Str:  7    XL:     2   Next: 58%
Magic:  5/5        EV: 13    Int: 23    God:
Gold:   33         SH:  0    Dex: 12    Spells: 2/5 levels left

rFire   . . .        f - +0 dagger
rCold   . . .        (no shield)
rNeg    . . .        (helmet restricted)
rPois   .            i - amulet of the acrobat
rElec   .            h - +6 ring of intelligence
rCorr   .            (no ring)
SInv    .            (no ring)
Will    .....        (no ring)
Stlth   +++          (no ring)
HPRegen 0.22/turn    (no ring)
MPRegen 0.09/turn    (no ring)
                     (no ring)

%: acrobat
@: no status effects
A: almost no armour, amphibious, 8 rings, camouflage 1, gelatinous body 1,
(nimble swimmer 1), tentacles
a: no special abilities


You were on level 1 of the Dungeon.
You visited 1 branch of the dungeon, and saw 1 of its levels.

You collected 33 gold pieces.

Inventory:

Hand Weapons
 d - a +0 mace
 f - a +0 dagger (weapon)
Jewellery
 h - a +6 ring of intelligence (left tentacle)
 i - an amulet of the acrobat (around mantle)
Scrolls
 b - a scroll of butterflies {unknown}
 g - 2 scrolls of identify {unknown}
 j - a scroll of amnesia {unknown}
 l - a scroll of acquirement
Potions
 a - a potion of magic
 c - a potion of ambrosia {unknown}
 e - a potion of attraction {unknown}
 k - a potion of might {unknown}


   Skills:
 - Level 2.0 Dodging
 - Level 2.6 Stealth
 - Level 2.0 Spellcasting
 - Level 1.0 Transmutations
 + Level 4.7 Poison Magic


You had 2 spell levels left.
You knew the following spells:

 Your Spells              Type           Power      Damage    Failure   Level
a - Poisonous Vapours     Pois/Air       26%        N/A       8%          2
v - Sting                 Tmut/Pois      60%        1d6       4%          1

Your spell library contained the following spells:

 Spells                   Type           Power      Damage    Failure   Level
 Olgreb's Toxic Radiance  Pois           23%        N/A       19%         4
 Mephitic Cloud           Conj/Pois/Air  9%         N/A       21%         3


Dungeon Overview and Level Annotations

Branches:
Dungeon (1/15) Zot: 5640

Altars:


Innate Abilities, Weirdness & Mutations

You cannot wear most types of armour.
You are amphibious.
You can wear up to eight rings at the same time.
Your skin changes colour to match your surroundings (Stealth+).
Your rubbery body absorbs attacks. (AC +1, EV +1)
((You are camouflaged when in or above water. (Stealth+)))
You have tentacles for arms and can constrict up to eight enemies at once.


Message History

The frilled lizard closely misses you.
You barely miss the frilled lizard. You grab the frilled lizard.
Your squeeze misses the frilled lizard. You constrict the frilled lizard.
The frilled lizard bites you.
You take 3 damage, and have 14/17 hp.
You hit the frilled lizard but do no damage.
You squeeze the frilled lizard.
You kill the frilled lizard!
Found a scroll labelled NAUGYA MENA.
Found an orange potion.
Health restored: 17
Found a stone staircase leading down.
There is a stone staircase leading down here.
Found a brown potion.
An endoplasm comes into view.
The endoplasm quivers.
The endoplasm closely misses you.
You hit the endoplasm but do no damage. The endoplasm freezes you.
You are frozen.
You take 5 damage, and have 12/17 hp.
MASSIVE DAMAGE!!
You barely miss the endoplasm. The endoplasm freezes you.
You are frozen.
You take 2 damage, and have 10/17 hp.
You hit the endoplasm but do no damage. The endoplasm barely misses you.
You hit the endoplasm.
The endoplasm is moderately wounded.
The endoplasm hits you.
You take 3 damage, and have 8/17 hp.
You hit the endoplasm but do no damage.
The endoplasm is moderately wounded.
The endoplasm misses you.
You hit the endoplasm. You squeeze the endoplasm.
You kill the endoplasm!
k - a brown potion
Found a scroll labelled MENONA FYMA.
l - a scroll labelled MENONA FYMA This is a scroll of acquirement!
Are you sure you want to abandon this character and quit the game? (Confirm with "yes".)

###########
#.....@...#
####.#######.#
########...........
............#######
####...#.#...#
..............#
####...#......#
##.##.#..#.#
#.##....#.#


There were no monsters in sight!

Vanquished Creatures
  2 endoplasms (D:1)
  2 hobgoblins (D:1)
  4 jackals (D:1)
  2 ball pythons (D:1)
  A bat (D:1)
  A frilled lizard (D:1)
  2 goblins (D:1)
  A kobold (D:1)
  A rat (D:1)
16 creatures vanquished.

Notes
Turn   | Place    | Note
-------+----------+-------------------------------------------
     0 | D:1      | Psyclone the Octopode Venom Mage began the quest for the
                  | Orb.
     0 | D:1      | Reached XP level 1. HP: 11/11 MP: 3/3
    82 | D:1      | Reached skill level 4 in Poison Magic
   100 | D:1      | Reached XP level 2. HP: 17/17 MP: 1/5
   284 | D:1      | Learned a level 2 spell: Poisonous Vapours
   361 | D:1      | Identified a scroll of acquirement
   361 | D:1      | Quit the game

Illustrated notes

Levels and vault maps discovered:
D:1:      dpeg_arrival_tiny_k, layout_loops_ring, minmay_hexomino_c4

Skill      XL: |  1 |
---------------+----+-----
Poison Magic   | 4 |  4.7
Dodging        | |  2.0
Stealth        | |  2.6
Spellcasting   | |  2.0
Transmutations | |  1.0

Action                     || total
---------------------------++-------
  Melee: Dagger            ||    35
         Tentacles         ||     9
         Constrict         ||     7
         Unarmed           ||     2
         Mace              ||     1
         Punch             ||     1
   Cast: Sting             ||    11
   Stab: Sleeping          ||     1
 Armour: Skin              ||     1
  Dodge: Dodged            ||    31
